 Dungeon Crawl Stone Soup version 0.30-a0-381-g6ea064c (webtiles) character file.

Game seed: 8012725659221001766

2254 Geeful the Magician (level 9, -8/68 HPs)
             Began as a Mummy Necromancer on Nov 26, 2022.
             Was a Believer of Sif Muna.
             Mangled by a manticore (21 damage)
             ... on level 7 of the Dungeon on Dec 1, 2022.
             The game lasted 00:36:10 (7256 turns).

Geeful the Magician (Mummy Necromancer)             Turns: 7256, Time: 00:36:11

Health: -8/68      AC:  6    Str: 11    XL:     9   Next: 15%
Magic:  3/20       EV: 14    Int: 18    God:    Sif Muna [**....]
Gold:   283        SH:  0    Dex: 13    Spells: 11/23 levels left

rFire   x . .      SeeInvis .    b - +1 whip (flame)
rCold   + . .      Faith    +    (no shield)
rNeg    + + +      Spirit   .    q - +0 robe
rPois   ∞          Reflect  .    e - +0 helmet
rElec   .          Harm     .    f - +2 cloak
rCorr   .          Rampage  .    (no gloves)
Will    +....                    (no boots)
Stlth   ++........               h - amulet of magic regeneration
HPRegen 0.31/turn                c - ring of wizardry
MPRegen 0.57/turn                (no ring)

@: freezing walls
A: cold resistance 1, negative energy resistance 3, torment resistance 2, heat
vulnerability 1, in touch with death 1, no potions, faith
a: Renounce Religion, Channel Magic


You were on level 7 of the Dungeon.
You worshipped Sif Muna.
Sif Muna was pleased with you.
You visited 2 branches of the dungeon, and saw 8 of its levels.
You also visited: Sewer.

You collected 283 gold pieces.

Inventory:

Hand Weapons
 b - a +1 whip of flaming (weapon)
Missiles
 p - 2 throwing nets
Armour
 e - a +0 helmet (worn)
 f - a +2 cloak (worn)
 q - a +0 robe (worn)
Magical Staves
 a - a staff of death
 k - a staff of conjuration
Jewellery
 c - a ring of wizardry (left hand)
 g - an amulet of faith
 h - an amulet of magic regeneration (around neck)
Scrolls
 d - 3 scrolls of brand weapon
 i - a scroll of torment {unknown}
 j - a scroll of fear
 l - a scroll of enchant armour
 m - 2 scrolls of teleportation
 n - a scroll of immolation {unknown}
 o - a scroll of magic mapping {unknown}
 r - 2 scrolls of vulnerability {unknown}
 s - a scroll of blinking {unknown}
 t - a scroll of summoning
 u - a scroll of enchant weapon {unknown}


   Skills:
 + Level 5.0 Fighting
 + Level 5.1 Dodging
 - Level 1.5 Stealth
 + Level 7.5 Spellcasting
 + Level 7.2 Necromancy
 + Level 3.3 Invocations


You had 11 spell levels left.
You knew the following spells:

 Your Spells              Type           Power      Damage    Failure   Level
a - Necrotise             Necr           100%       1d9       1%          1
b - Vampiric Draining     Necr           49%        2d9       1%          3
c - Agony                 Necr           49%        N/A       6%          5
d - Frozen Ramparts       Ice            12%        1d2       12%         3

Your spell library contained the following spells:

 Spells                   Type           Power      Damage    Failure   Level
 Animate Dead             Necr           49%        N/A       2%          4
 Inner Flame              Hex/Fire       6%         N/A       12%         3
 Flame Wave               Conj/Fire      6%         2d5       38%         4
 Sticky Flame             Conj/Fire      6%         2d3       38%         4
 Summon Ice Beast         Ice/Summ       6%         N/A       38%         4
 Ice Form                 Ice/Tmut       Unusable   N/A       N/A         4

Dungeon Overview and Level Annotations

Branches:
Dungeon (7/15)             Temple (1/1) D:4           Sewer (visited)

Altars:
Dithmenos
Fedhas
Gozag
Hepliaklqana
Kikubaaqudgha
Makhleb
Nemelex Xobeh
Okawaru
Sif Muna
Trog
Vehumet
Wu Jian
Yredelemnul

Annotations:
D:3 1 runed translucent door, senlim's ghost, amateur MiFi
D:5 exclusion: downstairs
D:6 exclusion: downstairs


Innate Abilities, Weirdness & Mutations

You are immune to poison.
Your flesh is cold resistant. (rC+)
You are immune to negative energy. (rN+++)
You are immune to unholy pain and torment.
You are vulnerable to heat. (rF-)
You are in touch with the powers of death.
You do not drink.
You have a special connection with the divine. (Faith)


Message History

The manticore claws you!
Casting: Agony (dangerous; 6% risk of failure)
Confirm with . or Enter, or press ? or * to list all spells.
Aiming: Agony (dangerous; 6% risk of failure)
Press: ? - help, Shift-Dir - straight line, f/p - manticore
Aim: a manticore (heavily wounded, chance to affect: 97%)
You feel a strong surge of power!
The manticore convulses!
The wall freezes the manticore but does no damage.
The manticore closely misses you. The manticore claws you.
The manticore closely misses you.
Casting: Agony (dangerous; 6% risk of failure)
Confirm with . or Enter, or press ? or * to list all spells.
Aiming: Agony (dangerous; 6% risk of failure)
Press: ? - help, Shift-Dir - straight line, f/p - manticore
Aim: a manticore (severely wounded, chance to affect: 97%)
You feel a strong surge of power!
The manticore convulses!
The wall freezes the manticore but does no damage.
The manticore barely misses you. The manticore misses you.
The manticore claws you!
Casting: Agony (dangerous; 6% risk of failure)
Confirm with . or Enter, or press ? or * to list all spells.
You don't have enough magic to cast this spell.
Your +1 whip of flaming bursts into flame!
b - a +1 whip of flaming (weapon)
The wall freezes the manticore but does no damage.
The manticore barely misses you. The manticore closely misses you.
The manticore claws you!
* * * LOW HITPOINT WARNING * * *
You hit the manticore but do no damage.
The manticore is almost dead.
The wall freezes the manticore but does no damage.
The manticore bites you.
* * * LOW HITPOINT WARNING * * *
The manticore misses you.
The manticore claws you but does no damage.
You hit the manticore. You burn the manticore.
The manticore is almost dead.
The wall freezes the manticore but does no damage.
The manticore bites you!!
You die...

.............#.....
..H..........#.o...
#.. #........#.O.#.
#.# #........#YzY#.
#)# #(.......#zFY#.
#.# ###..#####z###
#.# #.. #†#
#H###### #.###
#.@....# #.z.F
######.# ##### #.#
#.# #.# #### #.#
.... #.# #### #.#
.... ######.# ####


You could see a manticore.

Vanquished Creatures
  A water moccasin (D:6)
  A black bear (D:6)
  A sky beast (D:7)
  An ice beast (D:6)
  2 ogres
  3 phantoms
  A centaur (D:6)
  2 kobold brigands (Sewer)
  A necrophage (D:4)
  3 scorpions
  4 howler monkeys
  3 hounds
  A gnoll bouda (D:7)
  4 jellies
  2 iguanas
  3 orc wizards
  4 gnolls (D:4)
  A river rat (D:6)
  5 adders
  A shadow imp (D:5)
  A white imp (D:6)
  2 ufetubi
  A worm (D:3)
  3 dart slugs
  13 orcs
  5 ball pythons
  5 bats
  2 endoplasms
  6 giant cockroaches
  5 goblins
  7 hobgoblins
  4 jackals (D:5)
  3 quokkas
  6 frilled lizards
  15 kobolds
  18 rats
140 creatures vanquished.

Vanquished Creatures (collateral kills)
  2 ogres (D:5)
  3 orc priests (D:5)
  An adder (D:2)
  2 orcs (D:5)
  A giant cockroach (D:1)
  A hobgoblin (D:1)
  A kobold (D:1)
11 creatures vanquished.

Vanquished Creatures (others)
  6 plants
6 creatures vanquished.

Grand Total: 157 creatures vanquished

Notes
Turn   | Place    | Note
-------+----------+-------------------------------------------
     0 | D:1      | Geeful the Mummy Necromancer began the quest for the Orb.
     0 | D:1      | Reached XP level 1. HP: 13/13 MP: 4/4
    61 | D:1      | Found a faded altar of an unknown god.
   259 | D:1      | Reached XP level 2. HP: 17/19 MP: 0/6
   765 | D:1      | Gained mutation: You are in touch with the powers of death.
                  | [Mummy growth]
   765 | D:1      | Reached XP level 3. HP: 24/24 MP: 5/7
  1776 | D:3      | Reached XP level 4. HP: 30/30 MP: 4/9
  2359 | D:3      | Learned a level 3 spell: Vampiric Draining
  2389 | D:3      | Found a runed translucent door.
  2392 | D:3      | Noticed senlim's ghost (amateur MiFi)
  2800 | D:4      | Reached XP level 5. HP: 36/36 MP: 8/11
  3012 | D:4      | Reached skill level 1 in Fighting
  3012 | D:4      | Reached skill level 5 in Necromancy
  3104 | D:4      | Found a staircase to the Ecumenical Temple.
  3110 | Temple   | Entered the Ecumenical Temple
  3236 | Temple   | Upgraded the game from 0.30-a0-374-g95c0257 to
                  | 0.30-a0-381-g6ea064c
  3419 | D:4      | Reached XP level 6. HP: 40/44 MP: 9/13
  3532 | D:4      | Reached skill level 5 in Spellcasting
  3681 | D:4      | Found an ornate altar of the Wu Jian Council.
  3766 | D:5      | Entered Level 5 of the Dungeon
  3778 | D:5      | Found a bloodstained altar of Trog.
  3893 | D:5      | Reached XP level 7. HP: 51/51 MP: 13/15
  4236 | D:5      | Found a shimmering blue altar of Sif Muna.
  4244 | D:5      | Became a worshipper of Sif Muna the Loreminder
  4448 | D:5      | Reached skill level 1 in Invocations
  4610 | D:5      | Reached XP level 8. HP: 58/58 MP: 14/17
  5214 | D:6      | Found a glowing drain.
  5226 | Sewer    | Entered a sewer
  5367 | Sewer    | Reached * piety under Sif Muna
  6029 | D:6      | Reached ** piety under Sif Muna
  7029 | D:7      | Reached skill level 5 in Dodging
  7035 | D:7      | Reached XP level 9. HP: 63/67 MP: 20/20
  7087 | D:6      | Learned a level 5 spell: Agony
  7091 | D:6      | Learned a level 3 spell: Frozen Ramparts
  7224 | D:7      | Reached skill level 5 in Fighting
  7237 | D:7      | Noticed a manticore
  7256 | D:7      | Mangled by a manticore

Illustrated notes

Levels and vault maps discovered:
D:1:      nicolae_arrival_washed_ashore, layout_rooms,
          dreamdust_ecumenical_altar_grove, serial_forest,
          infiniplex_forest_lined_3_way, infiniplex_forest_straight_4,
          infiniplex_forest_straight_2, infiniplex_forest_clump_double,
          infiniplex_forest_clump_diagonal, infiniplex_forest_lined_corner,
          infiniplex_forest_clump_double, infiniplex_forest_clump_long,
          infiniplex_forest_lined_4_way, infiniplex_forest_clump_curved,
          corexii_leaking_fountain
D:2:      layout_loops_ring
D:3:      layout_loops_ring, zin_scriptorium, ebering_ghost_reflecting_pool,
          minmay_misc_feat_more_columns
D:4:      layout_loops_ring, pdpol_wu_jian_five_deadly_venoms,
          minmay_temple_entry_enclosed_plants, serial_park_tiny_pond,
          solitary_fountain
D:5:      nicolae_cairo_tiling_very_big, layout_rooms,
          mainiacjoe_overflow_surrounded_room, mainiacjoe_overflow_chevrons,
          chequers_serial_rivers_micro_c
D:6:      layout_layer_cave, portal_sewer_entry_e, kennysheep_nub
D:7:      cheibrodos_fzero, layout_basic, grunt_ashenzari_visionary
          [grunt_ashenzari_visionary_swamp, grunt_ashenzari_visionary_spider]
Temple:   nicolae_temple_ecumenical_triangle

Skill      XL: |  1  2  3  4  5  6  7  8  9 |
---------------+----------------------------+-----
Spellcasting   | 3 4 5 6 7 |  7.5
Dodging        | 2 3 4 5 |  5.1
Fighting       | 1 2 3 4 5 |  5.0
Necromancy     | 5 6 7 |  7.2
Invocations    | 1 3 |  3.3
Stealth        | |  1.5

Action                   |  1- 3 |  4- 6 |  7- 9 || total
-------------------------+-------+-------+-------++-------
Melee: Unarmed           |    13 |       |       ||    13
       Hand axe          |    31 |    19 |       ||    50
       Whip              |       |    39 |   139 ||   178
       Staff             |       |       |    97 ||    97
       Punch             |       |       |     5 ||     5
 Cast: Necrotise         |    55 |    70 |    52 ||   177
       Vampiric Draining |       |       |    39 ||    39
       Agony             |       |       |     6 ||     6
       Frozen Ramparts   |       |       |     3 ||     3
  Use: Scroll            |       |     6 |     5 ||    11
 Stab: Sleeping          |       |     3 |       ||     3
Armor: Robe              |    13 |    23 |   117 ||   153
Dodge: Dodged            |    32 |    59 |   261 ||   352

Table legend: (Time is in decaauts)
 A = Elapsed time spent in this place.
 B = Non-inter-level travel time spent in this place.
 C = Inter-level travel time spent in this place.
 D = Time resting spent in this place.
 E = Time spent auto-exploring this place.
 F = Levels seen in this place.
 G = Mean time per level.
                   A        B        C        D        E       F      G
               +--------+--------+--------+--------+--------+-----+--------+
         Total |   7329 |   7084 |    245 |    152 |   5171 |   9 |  814.3 |
       Dungeon |   6695 |   6455 |    240 |     80 |   5001 |   7 |  956.4 |
        Temple |    165 |    160 |      5 |      0 |      0 |   1 |  165.0 |
         Sewer |    468 |    468 |      0 |     72 |    169 |   1 |  468.0 |
               +--------+--------+--------+--------+--------+-----+--------+

Top non-repeatable levels by time:
     D:6: 1665 daAuts
     D:5: 1132 daAuts
     D:1: 1104 daAuts
     D:3: 984 daAuts
     D:4: 857 daAuts
     D:2: 670 daAuts
   Sewer: 468 daAuts
     D:7: 279 daAuts
  Temple: 165 daAuts
